 Dungeon Crawl Stone Soup version 0.27.1-1-g398f81649c (webtiles) character file.

Game seed: 6119913617527467353

88 Metae the Shield-Bearer (level 4, 0/37 HPs)
             Began as a Formicid Fighter on Sept 17, 2021.
             Succumbed to a scorpion's poison
             ... on level 3 of the Dungeon.
             The game lasted 00:08:22 (2961 turns).

Metae the Shield-Bearer (Formicid Fighter)          Turns: 2961, Time: 00:08:22

Health: 0/37       AC:  9    Str: 21    XL:     4   Next: 82%
Magic:  4/4        EV:  8    Int:  8    God:
Gold:   85         SH:  9    Dex: 10    Spells: 3/3 levels left

rFire    . . .     SeeInvis +   g - +2 demon trident (elec)
rCold    + . .     Faith    .   c - +0 kite shield
rNeg     . . .     Spirit   .   b - +0 scale mail
rPois    .         Reflect  .   (helmet unavailable)
rElec    .         Harm     .   (no cloak)
rCorr    .         Rampage  .   j - +0 pair of gloves
Will     +....                  n - +0 pair of boots
Stlth    ..........             (no amulet)
HPRegen  0.12/turn              f - ring of protection from cold
MPRegen  0.09/turn              k - ring of willpower

@: lethally poisoned (0 -> -5), attractive
A: permanent stasis, dig shafts and tunnels, antennae 3, four strong arms
a: Dig, Shaft Self


You were on level 3 of the Dungeon.
You visited 1 branch of the dungeon, and saw 4 of its levels.

You collected 85 gold pieces.

Inventory:

Hand Weapons
 a - a +0 war axe
 g - a +2 demon trident of electrocution (weapon)
Armour
 b - a +0 scale mail (worn)
 c - a +0 kite shield (worn)
 j - a +0 pair of gloves (worn)
 n - a +0 pair of boots (worn)
Jewellery
 f - a ring of protection from cold (left hand)
 k - a ring of willpower (right hand)
Scrolls
 e - a scroll of vulnerability {unknown}
 i - a scroll of identify
 l - 3 scrolls of noise
Potions
 d - a potion of might
 m - a potion of attraction


   Skills:
 + Level 3.8 Fighting
 - Level 2.2(2.4) Axes
 + Level 1.1(1.9) Polearms
 + Level 3.9 Armour
 + Level 2.1 Stealth
 + Level 4.2 Shields


You had 3 spell levels left.
You didn't know any spells.
Your spell library contained the following spells:

 Spells                   Type           Power      Damage    Failure   Level
 Magic Dart               Conj           0%         1d3       97%         1
 Call Imp                 Summ           0%         N/A       99%         2
 Mephitic Cloud           Conj/Pois/Air  0%         N/A       100%        3


Dungeon Overview and Level Annotations

Branches:
Dungeon (4/15)
 Temple: D:4-7

Altars:
Elyvilon

Shops:
D:2 (


Innate Abilities, Weirdness & Mutations

You cannot be hasted, slowed, berserked, paralysed or teleported.
You can dig through walls and to a lower floor.
You have a pair of large antennae on your head. (SInv)
Your four strong arms can wield two-handed weapons with a shield.


Message History

You closely miss the scorpion.
You feel very sick. You block the scorpion's attack.
The worm barely misses you.
You feel sick. You block the scorpion's attack. The endoplasm freezes you.
You are frozen.
You resist. The worm bites you!
You climb upwards.
You feel sick.
There is a stone staircase leading down here.
You feel sick. The scorpion stings you.
You feel sick.
You feel sick.
You feel sick.
You feel sick.
You are no longer poisoned.
You block the scorpion's attack. You block the scorpion's attack.
The scorpion barely misses you.
The endoplasm hits you but does no damage.
You block the scorpion's attack. The scorpion stings you.
* * * LOW HITPOINT WARNING * * *
The scorpion stings you but does no damage.
The scorpion stings you but does no damage.
The scorpion stings you but does no damage.
The scorpion closely misses you. The scorpion stings you.
* * * LOW HITPOINT WARNING * * *
You are lethally poisoned!
The scorpion poisons you!
* * * LOW HITPOINT WARNING * * *
You feel very sick.
* * * LOW HITPOINT WARNING * * *
You feel sick.
It was a potion of attraction.
You feel attractive to monsters.
* * * LOW HITPOINT WARNING * * *
You feel sick. The scorpion closely misses you.
It was a potion of haste.
Your stasis prevents you from being hasted.
You die...

###############
#.(@sJ........#
#.###########.## #.#
##.#.##
#.#########.###.###
#..........## ##..#
#..########.###.#.##
#..# ##.#.##... #..#
##......# #..#
########


You could see a scorpion and an endoplasm.

Vanquished Creatures
  2 adders
  A worm (D:2)
  A dart slug (D:1)
  4 orcs (D:3)
  8 bats
  7 endoplasms
  2 giant cockroaches
  5 goblins
  5 hobgoblins (D:3)
  3 quokkas
  7 ball pythons
  4 frilled lizards
  5 kobolds
  2 rats
56 creatures vanquished.

Notes
Turn   | Place    | Note
-------+----------+-------------------------------------------
     0 | D:1      | Metae the Formicid Fighter began the quest for the Orb.
     0 | D:1      | Reached XP level 1. HP: 18/18 MP: 1/1
   276 | D:1      | Reached XP level 2. HP: 21/24 MP: 2/2
   352 | D:1      | Reached skill level 1 in Stealth
   732 | D:1      | Reached XP level 3. HP: 29/29 MP: 3/3
   911 | D:1      | Found a faded altar of an unknown god.
  1011 | D:2      | Found a white marble altar of Elyvilon.
  1031 | D:2      | Found Piqet's Weapon Shop.
  1101 | D:2      | Reached skill level 4 in Shields
  1604 | D:2      | Reached XP level 4. HP: 37/37 MP: 4/4
  1845 | D:3      | Reached skill level 1 in Polearms
  2905 | D:4      | Noticed a scorpion
  2961 | D:3      | Succumbed to a scorpion's poison

Illustrated notes

Levels and vault maps discovered:
D:1:      dpeg_arrival_short_road, layout_loops_corners,
          shapermc_ecumenical_altar_mp_highgroup, serial_bayou_pond_d,
          minmay_strange_pillars, kennysheep_nondescript
D:2:      minmay_recursive_quarters, layout_loops_ring, serial_shops,
          shop_statue, basic_altar
D:3:      layout_loops_ring, minmay_misc_feat_roman
D:4:      layout_loops_ring, kennysheep_mini, minmay_temple_entry_statues,
          grunt_tough_drop

Skill      XL: |  1  2  3  4 |
---------------+-------------+-----
Stealth        | 1 2 |  2.1
Shields        | 4 |  4.2
Polearms       | 1 |  1.1
Fighting       | |  3.8
Axes           | |  2.2
Armour         | |  3.9

Action                   |  1- 3 |  4- 6 || total
-------------------------+-------+-------++-------
Melee: War axe           |    40 |       ||    40
       Demon trident     |    43 |    66 ||   109
  Use: Potion            |       |     2 ||     2
       Scroll            |       |     1 ||     1
Armor: Scale mail        |    41 |    19 ||    60
Dodge: Dodged            |    23 |    20 ||    43
Block: Kite shield       |    51 |    28 ||    79
